Workbook

Sheet 1.1扉-3 投标总价扉页
A2: 投 标 总 价
A4: 招 标 人：
A6: 工 程 名 称： | B6: 龙湖北静水平台塑木地板及石材维修
A8: 投标总价(小写)： | B8: ='2.1表-03 单项工程投标报价汇总表'!C40 -> 0
A10: (大写)：
A12: 投 标 人：
B13: （单位盖章）
A15: 法 定 代 表 人 或 其 授 权 人：
B16: （签字或盖章）
A18: 编 制 人：
B19: （造价人员签字盖专用章）
A21: 时 间： | B21: 2025年12月17日
A23: 扉-3

Sheet 2.1表-03 单项工程投标报价汇总表
A1: 单项工程投标报价汇总表
A3: 工程名称：龙湖北静水平台塑木地板及石材维修 | F3: 第1页 共1页
A4: 序号 | B4: 单位工程名称 | C4: 金额(元) | D4: 其中:(元)
D5: 暂估价 | E5: 安全文明施工费 | G5: 规费
A6: 1 | B6: 地面改造项目 | C6: ='3.1表-04 单位工程投标报价汇总表(南京)'!D41 -> 0 | D6: 0.00 | E6: ='3.1表-04 单位工程投标报价汇总表(南京)'!D11 -> 0 | G6: ='3.1表-04 单位工程投标报价汇总表(南京)'!D20 -> 0
A40: 合 计 | C40: =C6 -> 0 | D40: 0.00 | E40: =E6 -> 0 | G40: =G6 -> 0
A42: 未来软件编制
A43: 表-03

Sheet 3.1表-04 单位工程投标报价汇总表(南京)
A1: 单位工程投标报价汇总表
A3: 工程名称：龙湖北静水平台塑木地板及石材维修 | C3: 标段： | E3: 第1页 共1页
A4: 序号 | B4: 汇 总 内 容 | D4: 金额(元) | F4: 其中:暂估价(元)
A5: 1 | B5: 分部分项工程 | D5: ='3.2表-08 分部分项工程和单价措施项目清单与计价表'!I37 -> 0 | F5: 0.00
A6: 1.1 | B6: 人工费 | D6: =D5-D7-D8-D9-D10 -> 0
A7: 1.2 | B7: 材料费 | D7: =D5*50% -> 0
A8: 1.3 | B8: 施工机具使用费 | D8: =D5*4.4% -> 0
A9: 1.4 | B9: 企业管理费 | D9: =D5*6.5% -> 0
A10: 1.5 | B10: 利润 | D10: =D5*3% -> 0
A11: 2 | B11: 措施项目 | D11: =D13 -> 0 | F11: 0.00
A12: 2.1 | B12: 单价措施项目费 | D12: 0.00 | F12: 0.00
A13: 2.2 | B13: 总价措施项目费 | D13: =D14 -> 0
A14: 2.2.1 | B14: 其中：安全文明施工措施费 | D14: ='3.3表-11 总价措施项目清单与计价表'!G57 -> 0
A15: 3 | B15: 其他项目 | D15: 0.00 | F15: —
A16: 3.1 | B16: 其中：暂列金额 | D16: 0.00 | F16: —
A17: 3.2 | B17: 其中：专业工程暂估价 | D17: 0.00 | F17: —
A18: 3.3 | B18: 其中：计日工 | D18: 0.00 | F18: —
A19: 3.4 | B19: 其中：总承包服务费 | D19: 0.00 | F19: —
A20: 4 | B20: 规费 | D20: ='3.6表-13 规费、税金项目计价'!I5 -> 0 | F20: —
A21: 4.1 | B21: 社会保险费 | D21: ='3.6表-13 规费、税金项目计价'!I6 -> 0 | F21: —
A22: 4.2 | B22: 住房公积金 | D22: ='3.6表-13 规费、税金项目计价'!I7 -> 0 | F22: —
A23: 4.3 | B23: 环境保护税 | D23: ='3.6表-13 规费、税金项目计价'!I8 -> 0 | F23: —
A24: 5 | B24: 税金 | D24: ='3.6表-13 规费、税金项目计价'!I9 -> 0 | F24: —
A41: 投标报价合计= 1+2+3+4+5-甲供材料及甲供设备费/1.01 | D41: =D5+D11+D15+D20+D24 -> 0 | F41: 0.00
A42: 未来软件编制
A43: 表-04

Sheet 3.2表-08 分部分项工程和单价措施项目清单与计价表
A1: 分部分项工程和单价措施项目清单与计价表
A3: 工程名称：龙湖北静水平台塑木地板及石材维修 | H3: 第1页 共1页
A4: 序 号 | B4: 项目编码 | C4: 项目名称 | D4: 项目特征描述 | E4: 计量 单位 | F4: 工程量 | G4: 金额(元)
G5: 综合单价 | I5: 合价 | J5: 其中
J6: 暂估价
C7: A 地面改造 | F7: 1 | G7: =I17 -> 0 | I7: =G7*F7 -> 0 | J7: 0.00
A8: 1 | B8: 011606001001 | C8: 塑木地板拆除（30厚） | D8: 1.原塑木地板拆除 2.垃圾外运另计 | E8: m2 | F8: 67.8 | I8: =G8*F8 -> 0 | J8: 0.00
A9: 2 | B9: 011605001001 | C9: 石材拆除（30厚） | D9: 1.原地面石材拆除 2.垃圾外运另计 | E9: m2 | F9: 13.6 | I9: =G9*F9 -> 0 | J9: 0.00
A10: 3 | B10: 011602001001 | C10: 混凝土构件拆除（250厚） | D10: 1.原混凝土基础拆除 2.垃圾外运另计 | E10: m2 | F10: 40.8 | I10: =G10*F10 -> 0 | J10: 0.00
A11: 4 | B11: 010101001001 | C11: 素土夯实 | D11: 1.基(槽)坑原土打底夯 | E11: m2 | F11: 40.8 | I11: =G11*F11 -> 0 | J11: 0.00
A12: 5 | B12: 010404001001 | C12: 100厚碎石垫层 | D12: 1.100厚碎石垫层 | E12: m2 | F12: 40.8 | I12: =G12*F12 -> 0 | J12: 0.00
A13: 6 | B13: 010501001001 | C13: 150厚C20混凝土垫层 | D13: 1.150厚C20混凝土垫层，含模板 | E13: m3 | F13: 3.26 | I13: =G13*F13 -> 0 | J13: 0.00
A14: 7 | B14: 011102001001 | C14: 30厚石材楼地面 | D14: 1.30厚石材楼地面，30厚干硬性水泥砂浆结合层 | E14: m2 | F14: 13.6 | I14: =G14*F14 -> 0 | J14: 0.00
A15: 8 | B15: 011104002001 | C15: 30厚塑木地板铺设 | D15: 1.30厚塑木地板铺设，30*30塑木龙骨 | E15: m2 | F15: 67.8 | I15: =G15*F15 -> 0 | J15: 0.00
A16: 9 | B16: 010103002001 | C16: 余方弃置 | D16: 1.拆除建筑垃圾机械外运，运距自行考虑 | E16: m3 | F16: 4.8 | I16: =G16*F16 -> 0 | J16: 0.00
A17: 分部分项合计 | I17: =SUM(I8:I16) -> 0 | J17: 0.00
A36: 本页小计 | I36: =I17 -> 0 | J36: 0.00
A37: 合 计 | I37: =I36 -> 0 | J37: 0.00
A39: 未来软件编制
A40: 表-08

Sheet 3.3表-11 总价措施项目清单与计价表
A1: 总价措施项目清单与计价表
A3: 工程名称：龙湖北静水平台塑木地板及石材维修 | F3: 标段： | I3: 第1页 共3页
A4: 序号 | B4: 项目编码 | C4: 项 目 名 称 | D4: 计算基础 | F4: 费率 (%) | G4: 金额(元) | H4: 调整 费率(%) | J4: 调整后 金额(元) | K4: 备注
A5: 1 | B5: 011707001001 | C5: 安全文明施工 | F5: 100 | G5: =G57 -> 0
A6: 1.1 | B6: 1.1 | C6: 基本费 | D6: 分部分项清单合价+单价措施清单合价-分部分项除税工程设备费-单价措施除税工程设备费 | F6: 3.1 | G6: ='3.2表-08 分部分项工程和单价措施项目清单与计价表'!I37*F6% -> 0 | K6: 不取费时将“费率”置0；
A7: 1.2 | B7: 1.2 | C7: 增加费 | D7: 分部分项清单合价+单价措施清单合价-分部分项除税工程设备费-单价措施除税工程设备费 | F7: 0 | G7: 0.00 | K7: 1星0.7%/2星0.77%/3星0.84%
A8: 1.3 | B8: 1.3 | C8: 扬尘污染防治增加费 | D8: 分部分项清单合价+单价措施清单合价-分部分项除税工程设备费-单价措施除税工程设备费 | G8: ='3.2表-08 分部分项工程和单价措施项目清单与计价表'!I37*F8% -> 0
A9: 2 | B9: 011707002001 | C9: 夜间施工 | D9: 分部分项清单合价+单价措施清单合价-分部分项除税工程设备费-单价措施除税工程设备费 | F9: 0 | G9: 0.00 | K9: 0～0.1%
A10: 3 | B10: 011707003001 | C10: 非夜间施工照明 | D10: 分部分项清单合价+单价措施清单合价-分部分项除税工程设备费-单价措施除税工程设备费 | F10: 0 | G10: 0.00 | K10: 0.2%
A11: 4 | B11: 011707004001 | C11: 二次搬运 | D11: 分部分项清单合价+单价措施清单合价-分部分项除税工程设备费-单价措施除税工程设备费 | F11: 0 | G11: 0.00
A15: 编制人（造价人员）： | E15: 复核人（造价工程师）：
A16: 未来软件编制
A17: 表-11
A18: 总价措施项目清单与计价表
A20: 工程名称：龙湖北静水平台塑木地板及石材维修 | F20: 标段： | I20: 第2页 共3页
A21: 序号 | B21: 项目编码 | C21: 项 目 名 称 | D21: 计算基础 | F21: 费率 (%) | G21: 金额(元) | H21: 调整 费率(%) | J21: 调整后 金额(元) | K21: 备注
A22: 5 | B22: 011707005001 | C22: 冬雨季施工 | D22: 分部分项清单合价+单价措施清单合价-分部分项除税工程设备费-单价措施除税工程设备费 | F22: 0 | G22: 0.00 | K22: 0.05～0.2%
A23: 6 | B23: 011707006001 | C23: 地上、地下设施、建筑物的临时保护设施 | D23: 分部分项清单合价+单价措施清单合价-分部分项除税工程设备费-单价措施除税工程设备费 | F23: 0 | G23: 0.00
A24: 7 | B24: 011707007001 | C24: 已完成工程及设备保护 | D24: 分部分项清单合价+单价措施清单合价-分部分项除税工程设备费-单价措施除税工程设备费 | F24: 0 | G24: 0.00 | K24: 0～0.05%
A25: 8 | B25: 011707008001 | C25: 临时设施 | D25: 分部分项清单合价+单价措施清单合价-分部分项除税工程设备费-单价措施除税工程设备费 | F25: 0 | G25: 0.00 | K25: 1～2.3%
A26: 9 | B26: 011707009001 | C26: 赶工措施 | D26: 分部分项清单合价+单价措施清单合价-分部分项除税工程设备费-单价措施除税工程设备费 | F26: 0 | G26: 0.00 | K26: 0.5～2.1%
A27: 10 | B27: 011707010001 | C27: 工程按质论价 | D27: 分部分项清单合价+单价措施清单合价-分部分项除税工程设备费-单价措施除税工程设备费 | F27: 0 | G27: 0.00 | K27: 市优结构0.7%/市优0.9%/省优1.3%/国优专业1.4%/国优1.6%
A29: 编制人（造价人员）： | E29: 复核人（造价工程师）：
A30: 未来软件编制
A31: 表-11
A32: 总价措施项目清单与计价表
A34: 工程名称：龙湖北静水平台塑木地板及石材维修 | F34: 标段： | I34: 第3页 共3页
A35: 序号 | B35: 项目编码 | C35: 项 目 名 称 | D35: 计算基础 | F35: 费率 (%) | G35: 金额(元) | H35: 调整 费率(%) | J35: 调整后 金额(元) | K35: 备注
A36: 11 | B36: 011707011001 | C36: 住宅分户验收 | D36: 分部分项清单合价+单价措施清单合价-分部分项除税工程设备费-单价措施除税工程设备费 | F36: 0 | G36: 0.00 | K36: 0.4%
A37: 12 | B37: 011707012001 | C37: 建筑工人实名制费用 | D37: 分部分项清单合价+单价措施清单合价-分部分项除税工程设备费-单价措施除税工程设备费 | F37: 0 | G37: 0.00 | K37: 0.05%
A38: 13 | B38: 011707015001 | C38: 智慧工地费用 | D38: 分部分项清单合价+单价措施清单合价-分部分项除税工程设备费-单价措施除税工程设备费 | F38: 0 | G38: 0.00 | K38: 0.08～0.15%
A57: 合 计 | G57: =G38+G37+G36+G27+G26+G25+G24+G23+G22+G11+G9+G10+G8+G7+G6 -> 0
A59: 编制人（造价人员）： | E59: 复核人（造价工程师）：
A60: 未来软件编制
A61: 表-11

Sheet 3.6表-13 规费、税金项目计价
A1: 规费、税金项目计价表
A3: 工程名称：龙湖北静水平台塑木地板及石材维修 | E3: 标段： | H3: 第1页 共1页
A4: 序号 | B4: 项 目 名 称 | C4: 计算基础 | F4: 计算基数(元) | G4: 计算费率(%) | I4: 金额(元)
A5: 1 | B5: 规费 | C5: 分部分项工程费+措施项目费+其他项目费-除税工程设备费 | F5: =I5 -> 0 | G5: 100 | I5: =I6+I7+I8 -> 0
A6: 1.1 | B6: 社会保险费 | F6: ='3.3表-11 总价措施项目清单与计价表'!G57+'3.2表-08 分部分项工程和单价措施项目清单与计价表'!I37 -> 0 | G6: 3.2 | I6: =F6*G6% -> 0
A7: 1.2 | B7: 住房公积金 | F7: =F6 -> 0 | G7: 0.53 | I7: =F7*G7% -> 0
A8: 1.3 | B8: 环境保护税 | F8: =F6 -> 0 | G8: 0.1 | I8: =F8*G8% -> 0
A9: 2 | B9: 税金 | C9: 分部分项工程费+措施项目费+其他项目费+规费-(除税甲供材料费+除税甲供设备费)/1.01 | F9: =F6+I5 -> 0 | G9: 9 | I9: =F9*G9% -> 0
A36: 合 计 | I36: =I9+I5 -> 0
A38: 编制人（造价人员）： | D38: 复核人（造价工程师）：
A39: 未来软件编制
A40: 表-13

Sheet 3.7承包人供应材料一览表
A1: 承包人供应材料一览表
A3: 工程名称：龙湖北静水平台塑木地板及石材维修 | F3: 标段： | J3: 第1页 共1页
A4: 序号 | B4: 材料编码 | C4: 材料名称 | D4: 规格型号 等特殊要求 | G4: 单位 | H4: 数量 | I4: 单价(元) | K4: 合价(元) | L4: 备注
A5: 1 | C5: 其它材料费(调整) | G5: 元 | H5: 0.00206 | K5: =I5*H5 -> 0
A6: 2 | B6: 03070121 | C6: 膨胀螺栓 | D6: M10×100 | G6: 套 | H6: 0 | K6: =I6*H6 -> 0
A7: 3 | B7: 03510701 | C7: 铁钉 | G7: kg | H7: 4.061046 | K7: =I7*H7 -> 0
A8: 4 | B8: 03511405 | C8: 地板钉 | D8: 40mm | G8: kg | H8: 10.75986 | K8: =I8*H8 -> 0
A9: 5 | B9: 03570237 | C9: 镀锌铁丝 | D9: 22# | G9: kg | H9: 0.17094 | K9: =I9*H9 -> 0
A10: 6 | B10: 03652403 | C10: 合金钢切割锯片 | G10: 片 | H10: 0.15776 | K10: =I10*H10 -> 0
A11: 7 | B11: 04010611 | C11: 水泥 | D11: 32.5级 | G11: kg | H11: 231.08712 | K11: =I11*H11 -> 0
A12: 8 | B12: 04010701 | C12: 白水泥 | G12: kg | H12: 1.36 | K12: =I12*H12 -> 0
A13: 9 | B13: 04030107 | C13: 中砂 | G13: t | H13: 0.663861 | K13: =I13*H13 -> 0
A14: 10 | B14: 04050203 | C14: 碎石 | D14: 5～16mm | G14: t | H14: 0.9768 | K14: =I14*H14 -> 0
A15: 11 | B15: 04050207 | C15: 碎石 | D15: 5～40mm | G15: t | H15: 13.431 | K15: =I15*H15 -> 0
A16: 12 | B16: 05030600 | C16: 30*30塑木龙骨 | G16: m3 | H16: 0.9153 | K16: =I16*H16 -> 0
A17: 13 | B17: 05250502 | C17: 锯(木)屑 | G17: m3 | H17: 0.0816 | K17: =I17*H17 -> 0
A18: 14 | B18: 07112130 | C18: 30厚石材 | G18: m2 | H18: 13.872 | K18: =I18*H18 -> 0
A19: 15 | B19: 07410302 | C19: 30厚塑木地板 | G19: m2 | H19: 71.19 | K19: =I19*H19 -> 0
A20: 16 | B20: 12060334 | C20: 防腐油 | G20: kg | H20: 19.2552 | K20: =I20*H20 -> 0
A21: 17 | B21: 31110301 | C21: 棉纱头 | G21: kg | H21: 0.814 | K21: =I21*H21 -> 0
A22: 18 | B22: 31130106 | C22: 其它材料费 | G22: 元 | H22: 26.465 | K22: =I22*H22 -> 0
A23: 19 | B23: 31132507 | C23: 回库修理、保养费 | G23: 元 | H23: 1.28205 | K23: =I23*H23 -> 0
A24: 20 | B24: 31150101 | C24: 水 | G24: m3 | H24: 6.844308 | K24: =I24*H24 -> 0
A25: 21 | B25: 32010502 | C25: 复合木模板 | D25: 18mm | G25: m2 | H25: 2.6862 | K25: =I25*H25 -> 0
A26: 22 | B26: 32020115 | C26: 卡具 | G26: kg | H26: 0.17094 | K26: =I26*H26 -> 0
A27: 23 | B27: 32020132 | C27: 钢管支撑 | G27: kg | H27: 1.81929 | K27: =I27*H27 -> 0
A28: 24 | B28: 32090101 | C28: 周转木材 | G28: m3 | H28: 0.080586 | K28: =I28*H28 -> 0
A29: 25 | B29: 34130187 | C29: 塑料卡子 | G29: 个 | H29: 36.63 | K29: =I29*H29 -> 0
A30: 26 | B30: 80212115 | C30: (C20非泵送预拌砼) | G30: m3 | H30: 3.26 | K30: =I30*H30 -> 0
A40: 合 计
A42: 未来软件编制
